 Dungeon Crawl Stone Soup version 0.30-a0-743-gbfdf073431 (webtiles) character file.

Game seed: 3865262135529115007

23535 Ijustatesigmund the Eclecticist (level 12, -5/66 HPs)
             Began as a Deep Elf Conjurer on Feb 6, 2023.
             Was an Elder of Vehumet.
             Shot with an arrow by a centaur warrior (21 damage)
             ... on level 13 of the Dungeon on Feb 7, 2023.
             The game lasted 00:50:05 (17013 turns).

Ijustatesigmund the Eclecticist (DECj)             Turns: 17013, Time: 00:50:05

Health: -5/66      AC: 11    Str:  9    XL:     12   Next: 72%
Magic:  30/42      EV: 18    Int: 30    God:    Vehumet [****..]
Gold:   617        SH:  0    Dex: 11    Spells: 23/41 levels left

rFire   . . .      SeeInvis +    c - +5 short sword
rCold   . . .      Faith    .    (no shield)
rNeg    . . .      Spirit   .    a - +0 acid dragon scales
rPois   .          Reflect  .    (no helmet)
rElec   .          Harm     .    e - +1 cloak
rCorr   +          Rampage  .    (no gloves)
Will    +....                    o - +1 pair of boots
Stlth   ++                       g - amulet of regeneration
HPRegen 1.11/turn                J - +5 ring of evasion
MPRegen 0.28/turn                q - ring of magical power

@: freezing walls
A: see invisible, clever 1, strong 1
a: Renounce Religion


You were on level 13 of the Dungeon.
You worshipped Vehumet.
Vehumet was greatly pleased with you.
You visited 2 branches of the dungeon, and saw 14 of its levels.

You collected 617 gold pieces.

Inventory:

Hand Weapons
 c - a +5 short sword (weapon)
 l - a +1 longbow of flaming
Missiles
 A - 8 curare-tipped darts (quivered)
Armour
 a - +0 acid dragon scales (worn)
 e - a +1 cloak (worn)
 o - a +1 pair of boots (worn)
 w - a +2 robe of fire resistance
Jewellery
 g - an amulet of regeneration (around neck)
 h - a ring of flight
 q - a ring of magical power (right hand)
 y - a ring of willpower
 C - a ring of protection from fire
 J - a +5 ring of evasion (left hand)
Wands
 n - a wand of mindburst (21)
 r - a wand of digging (8)
 v - a wand of iceblast (1)
 z - a wand of polymorph (30)
 F - a wand of flame (10)
Scrolls
 j - 2 scrolls of amnesia
 t - 5 scrolls of teleportation
 x - a scroll of fog
 K - a scroll of summoning
Potions
 b - 2 potions of magic
 d - 2 potions of curing
 f - 2 potions of haste
 i - a potion of resistance
 k - 2 potions of brilliance
 m - 4 potions of might
 p - 2 potions of lignification
 s - a potion of heal wounds
 u - a potion of flight
 B - a potion of berserk rage
 D - a potion of ambrosia
 E - a potion of mutation
 G - a potion of attraction


   Skills:
 + Level 4.2 Fighting
 + Level 2.7 Throwing
 - Level 3.5 Armour
 - Level 8.2 Dodging
 - Level 2.4 Stealth
 + Level 15.0 Spellcasting
 + Level 13.3 Conjurations
 - Level 2.0 Necromancy
 - Level 3.2 Transmutations
 - Level 3.1 Fire Magic
 - Level 4.0 Ice Magic
 - Level 6.3 Air Magic
 - Level 3.2 Poison Magic
 - Level 4.2 Evocations


You had 23 spell levels left.
You knew the following spells:

 Your Spells              Type           Power      Damage    Failure   Level
a - Magic Dart            Conj           100%       1d8       0%          1
b - Searing Ray           Conj           100%       2d8       0%          2
c - Lightning Bolt        Conj/Air       34%        1d52      1%          5
d - Kiss of Death         Conj/Necr      100%       2d13      1%          1
e - Frozen Ramparts       Ice            92%        1d14      1%          3
f - Ignite Poison         Fire/Tmut/Pois 41%        N/A       1%          3
g - Mephitic Cloud        Conj/Pois/Air  62%        N/A       1%          3

Your spell library contained the following spells:

 Spells                   Type           Power      Damage    Failure   Level
 Airstrike                Air            28%        2d(5-21)  1%          4
 Static Discharge         Conj/Air       100%       2-7/arc   1%          2
 Dazzling Flash           Conj/Hex       100%       N/A       1%          3
 Fulminant Prism          Conj/Hex       29%        3d14      1%          4
 Iskenderun's Mystic Bla  Conj/Tloc      58%        2d12      1%          4
 Arcjolt                  Conj/Air       34%        1d44      1%          5
 Vhi's Electric Charge    Tloc/Air       82%        N/A       2%          3
 Ice Form                 Ice/Tmut       44%        N/A       8%          4
 Summon Ice Beast         Ice/Summ       34%        N/A       14%         4
 Silence                  Hex/Air        20%        N/A       26%         5
 Passage of Golubria      Tloc           22%        N/A       32%         4
 Summon Mana Viper        Hex/Summ       22%        N/A       67%         5
 Lehudib's Crystal Spear  Conj/Erth      29%        10d8      96%         8
 Malign Gateway           Summ/Tloc      11%        N/A       100%        7
 Monstrous Menagerie      Summ           11%        N/A       100%        7
 Summon Horrible Things   Summ           11%        N/A       100%        8


Dungeon Overview and Level Annotations

Branches:
Dungeon (13/15)            Temple (1/1) D:5            Lair (0/5) D:10
    Orc (0/2) D:11
 Vaults: D:13-14

Altars:
Ashenzari
Cheibriados
Dithmenos
Elyvilon
Fedhas
Gozag
Hepliaklqana
Kikubaaqudgha
Makhleb
Nemelex Xobeh
Okawaru
Qazlal
Ru
Sif Muna
Trog
Uskayaw
Vehumet
Wu Jian
Xom
Yredelemnul
Zin
The Shining One

Shops:
D:3 *   D:13 (

Annotations:
D:10 3 runed translucent doors, M4edhros's ghost, journeyman OpAr


Innate Abilities, Weirdness & Mutations

You have supernaturally acute eyesight. (SInv)
Your mind is acute. (Int +4, Str/Dex -1)
Your muscles are strong. (Str +4, Int/Dex -1)


Message History

You start waiting.
Done waiting.
You start waiting.
Done waiting.
C - a ring of protection from fire
Found Bycoethe's Antique Weapon Emporium.
There is an entrance to Bycoethe's Antique Weapon Emporium here.
A centaur warrior comes into view.
The centaur warrior shouts!
You hear an angry buzzing noise.
The centaur warrior wields a +0 longbow.
The centaur warrior shoots an arrow.
The arrow hits you!
Casting: Frozen Ramparts (safe; 1% risk of failure)
Confirm with . or Enter, or press ? or * to list all spells.
You can't see any susceptible monsters within range! (Use Z to cast anyway.)
Casting: Frozen Ramparts (safe; 1% risk of failure)
Confirm with . or Enter, or press ? or * to list all spells.
Casting: Frozen Ramparts (safe; 1% risk of failure)
Press: ? - help, Dir - look around, f - activate The walls around you are covered in ice.
You start resting.
The centaur warrior shoots an arrow.
The arrow hits you!
Casting: Frozen Ramparts (safe; 1% risk of failure)
Confirm with . or Enter, or press ? or * to list all spells.
Aiming: Lightning Bolt (dangerous; 1% risk of failure)
Press: ? - help, Shift-Dir - straight line, f - centaur warrior
Aim: a centaur warrior, wielding a +0 longbow (74% to hit)
The bolt of lightning hits the centaur warrior!!
The centaur warrior is moderately wounded.
You hear an angry buzzing noise.
You hear a shout!
The centaur warrior shoots an arrow.
The arrow hits you!
Casting: Lightning Bolt (dangerous; 1% risk of failure)
Confirm with . or Enter, or press ? or * to list all spells.
Aiming: Lightning Bolt (dangerous; 1% risk of failure)
Press: ? - help, Shift-Dir - straight line, f/p - centaur warrior
Aim: a centaur warrior, wielding a +0 longbow (moderately wounded, 74% to hit)
The bolt of lightning hits the centaur warrior!
The centaur warrior is severely wounded.
The centaur warrior shoots an arrow.
The arrow hits you!!
* * * LOW HITPOINT WARNING * * *
The centaur warrior shoots an arrow.
The arrow hits you!!
You die...

#########
#..c.....
#......c. #.#
#@# #.#
###.#######
###..........
#...#........
#.§§≈...#####
#.§≈.≈...##
#.≈...≈...#
#§..∩..≈#.###


You could see a centaur warrior.

Vanquished Creatures
  Nessos (D:12)
  Josephine (D:12)
  2 tengu warriors (D:12)
  2 two-headed ogres
  Amaemon (D:8)
  8 slime creatures
  Pikel (D:5)
  The ghost of Mlamla the Cleaver, a novice MeFi of Makhleb (D:6)
  2 cyclopes
  A deep elf pyromancer (D:12)
  A manticore (D:12)
  An orange demon (D:8)
  2 unseen horrors
  A gargoyle (D:11)
  A komodo dragon (D:12)
  A kobold demonologist (D:6)
  A troll (D:12)
  3 hornets
  Grinder (D:3)
  4 snapping turtles (D:12)
  2 water elementals (D:12)
  7 wraiths
  A vampire (D:13)
  A basilisk (D:12)
  A wyvern (D:9)
  16 yaks
  2 steam dragons (D:9)
  6 vampire mosquitoes
  A warg (D:11)
  3 acid dragons
  3 water moccasins
  3 orc warriors
  4 sky beasts
  3 ice beasts
  2 black bears (D:6)
  2 ogres (D:6)
  7 centaurs
  A lemure (D:5)
  Blork the orc (D:5)
  10 kobold brigands
  A necrophage (D:6)
  2 scorpions
  4 bullfrogs
  22 wights
  10 killer bees
  5 electric eels (D:12)
  A howler monkey (D:5)
  A gnoll bouda (D:5)
  3 hounds
  2 jellies
  7 orc priests
  Crazy Yiuf (D:3)
  4 iguanas
  Ijyb (D:3)
  Terence (D:3)
  9 orc wizards
  8 gnolls
  5 adders
  3 white imps
  2 ufetubi (D:5)
  3 worms
  4 dart slugs
  24 orcs
  7 ball pythons
  An endoplasm (D:1)
  2 giant cockroaches (D:1)
  4 goblins
  9 hobgoblins
  3 jackals (D:2)
  19 kobolds
  13 bats
  A frilled lizard (D:3)
  4 rats
298 creatures vanquished.

Vanquished Creatures (others)
  A fungus (D:10)
  8 plants
9 creatures vanquished.

Grand Total: 307 creatures vanquished

Notes
Turn   | Place    | Note
-------+----------+-------------------------------------------
     0 | D:1      | Ijustatesigmund the Deep Elf Conjurer began the quest for
                  | the Orb.
     0 | D:1      | Reached XP level 1. HP: 10/10 MP: 6/6
   206 | D:1      | Reached XP level 2. HP: 15/15 MP: 2/8
   209 | D:1      | Learned a level 2 spell: Searing Ray
   420 | D:1      | Reached skill level 4 in Spellcasting
   590 | D:1      | Reached skill level 5 in Conjurations
   590 | D:1      | Reached XP level 3. HP: 19/19 MP: 6/10
   701 | D:1      | Found a faded altar of an unknown god.
  1531 | D:2      | Reached XP level 4. HP: 24/24 MP: 5/12
  2180 | D:3      | Noticed Grinder
  2190 | D:3      | Killed Grinder
  2191 | D:3      | Reached XP level 5. HP: 12/28 MP: 0/14
  2324 | D:3      | Found a runed translucent door.
  2325 | D:3      | Noticed Crazy Yiuf
  2454 | D:3      | Noticed Terence
  2463 | D:3      | Killed Terence
  2464 | D:3      | Reached XP level 6. HP: 27/32 MP: 6/15
  2573 | D:3      | Noticed Ijyb
  2699 | D:3      | Killed Ijyb
  2700 | D:3      | Reached skill level 5 in Spellcasting
  2879 | D:3      | Found an opulent altar of Gozag.
  2944 | D:3      | Found Gozag's Platinum Reserve.
  3050 | D:3      | Found an iron altar of Okawaru.
  3231 | D:4      | Noticed a water moccasin
  3237 | D:4      | Killed a water moccasin
  3238 | D:4      | Reached skill level 1 in Evocations
  3436 | D:4      | Reached skill level 1 in Fighting
  3996 | D:4      | Found a shimmering altar of Xom.
  3996 | D:4      | Found a shimmering blue altar of Sif Muna.
  4030 | D:4      | Reached XP level 7. HP: 36/38 MP: 12/17
  4409 | D:5      | Entered Level 5 of the Dungeon
  4436 | D:5      | Noticed Pikel
  4442 | D:5      | Killed Pikel
  4443 | D:5      | Reached skill level 6 in Spellcasting
  4443 | D:5      | Reached XP level 8. HP: 45/45 MP: 18/20
  4567 | D:5      | Reached skill level 7 in Spellcasting
  4802 | D:3      | Killed Crazy Yiuf
  5523 | D:5      | Found a staircase to the Ecumenical Temple.
  5529 | Temple   | Entered the Ecumenical Temple
  5585 | Temple   | Became a worshipper of Vehumet
  5896 | D:6      | Noticed Blork the orc
  5896 | D:6      | Noticed a hornet
  5902 | D:6      | Killed a hornet
  5903 | D:6      | Reached skill level 8 in Spellcasting
  5919 | D:5      | Killed Blork the orc
  6169 | D:6      | Reached XP level 9. HP: 50/50 MP: 23/23
  6178 | D:6      | Reached skill level 9 in Spellcasting
  6707 | D:6      | Found a runed translucent gate.
  6707 | D:6      | Found a runed translucent gate.
  6707 | D:6      | Found a runed translucent gate.
  6707 | D:6      | Noticed Mlamla's ghost (novice MeFi)
  6707 | D:6      | Noticed a kobold demonologist
  6737 | D:6      | Reached skill level 10 in Spellcasting
  6737 | D:6      | Killed a kobold demonologist
  6738 | D:6      | Reached skill level 5 in Dodging
  6748 | D:6      | Killed Mlamla's ghost
  6748 | D:6      | Reached * piety under Vehumet
  6748 | D:6      | Offered knowledge of Sandblast by Vehumet.
  6803 | D:6      | Reached XP level 10. HP: 43/56 MP: 26/26
  6808 | D:6      | Reached skill level 11 in Spellcasting
  6808 | D:6      | Reached skill level 10 in Conjurations
  7347 | D:7      | Found a blossoming altar of Fedhas.
  7693 | D:7      | Learned a level 5 spell: Lightning Bolt
  7755 | D:7      | Reached skill level 1 in Air Magic
  7815 | D:7      | Found a hide-covered altar of Uskayaw.
  8177 | D:8      | Found a sacrificial altar of Ru.
  8196 | D:8      | Reached ** piety under Vehumet
  8196 | D:8      | Offered knowledge of Kiss of Death by Vehumet.
  8674 | D:8      | Learned a level 1 spell: Kiss of Death
  8756 | D:8      | Noticed Amaemon
  8757 | D:8      | Noticed an orange demon
  8770 | D:8      | Killed Amaemon
  8771 | D:8      | Reached skill level 5 in Air Magic
  8774 | D:8      | Killed an orange demon
  9281 | D:9      | Found an ornate altar of the Wu Jian Council.
  9374 | D:9      | Reached skill level 1 in Necromancy
  9410 | D:9      | HP: 2/54 [wight/+2 trident of freezing (2)]
  9944 | D:9      | Reached skill level 12 in Spellcasting
  9944 | D:9      | Reached XP level 11. HP: 60/60 MP: 26/29
 10467 | D:10     | Entered Level 10 of the Dungeon
 10573 | D:10     | Learned a level 3 spell: Frozen Ramparts
 10796 | D:10     | Reached skill level 1 in Ice Magic
 11044 | D:10     | Noticed M4edhros's ghost (journeyman OpAr)
 11078 | D:10     | Found a runed translucent gate.
 11078 | D:10     | Found a runed translucent gate.
 11090 | D:10     | Found a runed translucent gate.
 11446 | D:10     | Noticed a two-headed ogre
 11453 | D:10     | Killed a two-headed ogre
 11453 | D:10     | Offered knowledge of Ignite Poison by Vehumet.
 11486 | D:10     | Learned a level 3 spell: Ignite Poison
 11645 | D:10     | Found a staircase to the Lair.
 11832 | D:11     | Found a staircase to the Orcish Mines.
 11837 | D:11     | Reached *** piety under Vehumet
 11873 | D:11     | Reached skill level 13 in Spellcasting
 12152 | D:11     | Offered knowledge of Mephitic Cloud by Vehumet.
 12153 | D:11     | Reached skill level 1 in Transmutations
 12153 | D:11     | Reached skill level 1 in Fire Magic
 12153 | D:11     | Reached skill level 1 in Poison Magic
 12668 | D:11     | Learned a level 3 spell: Mephitic Cloud
 13391 | D:12     | Noticed a two-headed ogre
 13404 | D:12     | Killed a two-headed ogre
 13412 | D:12     | Noticed Nessos
 13428 | D:12     | Killed Nessos
 13429 | D:12     | Reached XP level 12. HP: 52/64 MP: 3/31
 13966 | D:12     | Noticed a tengu warrior
 13977 | D:12     | Killed a tengu warrior
 13978 | D:12     | Reached skill level 14 in Spellcasting
 14252 | D:12     | Noticed a tengu warrior
 14261 | D:12     | Killed a tengu warrior
 14261 | D:12     | Reached **** piety under Vehumet
 14361 | D:12     | Offered knowledge of Airstrike by Vehumet.
 15255 | D:12     | Noticed Josephine
 15266 | D:12     | Killed Josephine
 15267 | D:12     | Reached skill level 1 in Throwing
 15884 | D:13     | Gained mutation: Your mind is acute. (Int +4, Str/Dex -1)
                  | [potion of mutation]
 15884 | D:13     | Gained mutation: Your muscles are strong. (Str +4, Int/Dex
                  | -1) [potion of mutation]
 15884 | D:13     | Gained mutation: You have supernaturally acute eyesight.
                  | (SInv) [potion of mutation]
 16196 | D:13     | Reached skill level 15 in Spellcasting
 16992 | D:13     | Found Bycoethe's Antique Weapon Emporium.
 17008 | D:13     | Noticed a centaur warrior
 17013 | D:13     | Shot with an arrow by a centaur warrior

Illustrated notes

Levels and vault maps discovered:
D:1:      lightli_arrival_flooded_house, layout_rooms,
          shapermc_ecumenical_altar_ellora, chequers_garden,
          amcnicky_mini_corridor_feature, kennysheep_boxes
D:2:      layout_loops_ring, nicolae_hexahallways
D:3:      layout_basic, nicolae_gozag_zags_fifth_avenue,
          okawaru_altar_gauntlet_db, hex_medium, uniq_crazy_yiuf_cottage,
          uniq_grinder, uniq_terence, uniq_ijyb
D:4:      layout_rooms, gammafunk_temple_overflow_statue
D:5:      minmay_evil_eye, layout_layer_cave, minmay_temple_entry_fiery,
          minmay_misc_feat_iff, uniq_pikel
D:6:      layout_rooms, gammafunk_ghost_nasty_kobolds, uniq_blork_the_orc
D:7:      layout_rooms, eat_drink_and_be_merry_uskayaw, lemuel_round_altar
D:8:      layout_loops_ring, old_standard_altar, uniq_amaemon
D:9:      layout_irregular_city, lemuel_tele_altar
D:10:     layout_roguey, grunt_lair_entry_orc_guard_hut, gammafunk_ghost_icy
D:11:     layout_loops_cross, david_orc_3
D:12:     wad_bat_island, layout_loops_ring, chequers_serial_rivers_large_b,
          uniq_josephine, uniq_nessos
D:13:     layout_long_grid, serial_shops, nicolae_diamond_shop,
          trog_butcher_becter
Temple:   nicolae_temple_ecumenical_triangle

Skill      XL: |  1  2  3  4  5  6  7  8  9 10 11 12 |
---------------+-------------------------------------+-----
Spellcasting   | 4 5 6 8 10 12 13 15 | 15.0
Conjurations   | 5 6 8 9 10 12 13 | 13.3
Armour         | 3 |  3.5
Evocations     | 1 3 4 |  4.2
Fighting       | 1 2 3 4 |  4.2
Dodging        | 6 8 |  8.2
Air Magic      | 6 |  6.3
Necromancy     | 2 |  2.0
Ice Magic      | 4 |  4.0
Transmutations | 3 |  3.2
Fire Magic     | 3 |  3.1
Poison Magic   | 3 |  3.2
Throwing       | 2 |  2.7
Stealth        | |  2.4

Action                     |  1- 3 |  4- 6 |  7- 9 | 10-12 || total
---------------------------+-------+-------+-------+-------++-------
  Melee: Short sword       |     2 |     1 |     8 |    66 ||    77
         Dagger            |       |       |    11 |       ||    11
         Punch             |       |       |       |     2 ||     2
  Throw: Dart              |       |       |       |     9 ||     9
   Cast: Magic Dart        |    44 |    61 |    99 |   121 ||   325
         Searing Ray       |     4 |    14 |    31 |   107 ||   156
         Lightning Bolt    |       |       |       |    72 ||    72
         Frozen Ramparts   |       |       |       |    33 ||    33
         Mephitic Cloud    |       |       |       |     3 ||     3
         Ignite Poison     |       |       |       |     3 ||     3
  Evoke: Wand              |       |       |    21 |    35 ||    56
    Use: Scroll            |     8 |     2 |     3 |    16 ||    29
         Potion            |       |       |     4 |    13 ||    17
   Stab: Sleeping          |     2 |     1 |       |     1 ||     4
         Paralysed         |       |       |     3 |    12 ||    15
         Distracted        |       |       |       |     1 ||     1
 Armour: Robe              |     2 |       |       |       ||     2
         Acid dragon scale |       |     8 |    28 |   110 ||   146
  Dodge: Dodged            |    11 |     9 |    41 |   244 ||   305

Table legend: (Time is in decaauts)
 A = Elapsed time spent in this place.
 B = Non-inter-level travel time spent in this place.
 C = Inter-level travel time spent in this place.
 D = Time resting spent in this place.
 E = Time spent auto-exploring this place.
 F = Levels seen in this place.
 G = Mean time per level.
                   A        B        C        D        E       F      G
               +--------+--------+--------+--------+--------+-----+--------+
         Total |  17139 |  16624 |    515 |   5987 |   8474 |  14 | 1224.2 |
       Dungeon |  17073 |  16567 |    506 |   5987 |   8440 |  13 | 1313.3 |
        Temple |     65 |     56 |      9 |      0 |     34 |   1 |   65.0 |
               +--------+--------+--------+--------+--------+-----+--------+

Top non-repeatable levels by time:
    D:12: 2584 daAuts
    D:11: 1551 daAuts
     D:5: 1473 daAuts
     D:3: 1431 daAuts
     D:8: 1314 daAuts
    D:10: 1291 daAuts
     D:9: 1278 daAuts
     D:2: 1185 daAuts
    D:13: 1173 daAuts
     D:7: 1006 daAuts
     D:4: 971 daAuts
     D:1: 957 daAuts
     D:6: 854 daAuts
  Temple: 65 daAuts
